 Dungeon Crawl Stone Soup version 0.31-a0-150-g89dc3ad700 (webtiles) character file.

Game seed: 17651533583207715169

133 Irreverend the Trooper (level 4, 0/35 (41) HPs)
             Began as a Minotaur Fighter on June 9, 2023.
             Slain by Edmund
             ... wielding a +3 dire flail of draining
              (6 damage)
             ... on level 4 of the Dungeon.
             The game lasted 00:02:28 (1797 turns).

Irreverend the Trooper (Minotaur Fighter)           Turns: 1797, Time: 00:02:29

HP:   0/35 (41)     AC:  9    Str: 22    XL:     4   Next: 94%
MP:   3/3           EV:  8    Int:  5    God:
Gold: 175           SH:  6    Dex: 10    Spells: 3/3 levels left

rFire   . . .        a - +0 war axe
rCold   . . .        m - +2 buckler
rNeg    + . .        w - +0 chain mail
rPois   .            (helmet restricted)
rElec   .            (no cloak)
rCorr   .            (no gloves)
SInv    .            (no boots)
Will    .....        v - amulet of the acrobat Stlth
                     e - ring of positive energy
HPRegen 0.25/turn    (no ring)
MPRegen 0.08/turn

%: acrobat
@: mighty, heavily drained
A: horns 2, retaliatory headbutt
a: no special abilities


You were on level 4 of the Dungeon.
You visited 1 branch of the dungeon, and saw 4 of its levels.

You collected 175 gold pieces.

Inventory:

Hand Weapons
 a - a +0 war axe (weapon)
Armour
 b - a +0 scale mail
 c - a +0 buckler
 m - a +2 buckler (worn)
 s - a +0 tower shield
 w - a +0 chain mail (worn)
Jewellery
 e - a ring of positive energy (left hand)
 v - an amulet of the acrobat (around neck)
Scrolls
 f - 2 scrolls of identify {unknown}
 k - a scroll of fear {unknown}
 l - 2 scrolls of amnesia {unknown}
 o - 3 scrolls of teleportation {unknown}
 q - 2 scrolls of torment {unknown}
 r - 3 scrolls of magic mapping {unknown}
 t - a scroll of noise {unknown}
Potions
 g - a potion of invisibility {unknown}
 h - a potion of magic {unknown}
 i - a potion of curing {unknown}
 j - 2 potions of attraction {unknown}
 n - a potion of haste {unknown}
 p - a potion of mutation {unknown}
 u - 2 potions of cancellation {unknown}


   Skills:
 + Level 4.4 Fighting
 * Level 4.3 Axes
 + Level 4.4 Armour
 + Level 4.4 Shields


You had 3 spell levels left.
You didn't know any spells.
Your spell library contained the following spells:

 Spells                   Type           Power      Damage    Failure   Level
 Lesser Beckoning         Tloc           0%         N/A       99%         2
 Gell's Gravitas          Tloc           0%         N/A       100%        3
 Teleport Other           Tloc           0%         N/A       100%        3


Dungeon Overview and Level Annotations

Branches:
Dungeon (4/15)
 Temple: D:4-7

Altars:

Annotations:
D:4 Edmund


Innate Abilities, Weirdness & Mutations

You have a pair of horns on your head.
You reflexively headbutt those who attack you in melee.


Message History

a +0 dagger; a +0 leather armour You now have 175 gold pieces (gained 9).
o - 3 scrolls labelled DIBOGA SAO (gained 1) Edmund the Younger comes into view.
He is wielding a +3 dire flail of draining.
Edmund shouts!
Edmund is nearby!
Edmund hits you but does no damage. You partially resist.
You slash Edmund!
Edmund is lightly wounded.
Edmund hits you with a +3 dire flail of draining.
You partially resist.
You feel drained.
You slash Edmund! You headbutt Edmund, but do no damage.
Edmund is moderately wounded.
Edmund hits you but does no damage. You partially resist.
You block Edmund's attack.
You hit Edmund but do no damage.
Edmund is moderately wounded.
You block Edmund's attack.
You barely miss Edmund. Your headbutt misses Edmund.
Edmund is moderately wounded.
Edmund hits you but does no damage. You partially resist.
You hit Edmund but do no damage.
Edmund is moderately wounded.
Edmund hits you with a +3 dire flail of draining.
You partially resist.
You feel drained.
Edmund hits you with a +3 dire flail of draining!
You partially resist.
You feel drained.
You barely miss Edmund.
Edmund is moderately wounded.
Edmund hits you with a +3 dire flail of draining!
You partially resist.
You feel drained.
You are too injured to fight recklessly!
You closely miss Edmund.
Edmund is moderately wounded.
Edmund hits you with a +3 dire flail of draining!
* * * LOW HITPOINT WARNING * * *
You partially resist.
You feel drained.
You feel very mighty all of a sudden.
Edmund hits you with a +3 dire flail of draining.
You die...

.............#### #...#
...........### #...#
...........# #..####
..#####....## ##.#...#
..# #.)...## ###......#
#.. #......###...##..##
#..####..........#######
#................##
................@.#
##...............@#
##<#........###....
##.####.....#####....
##..# ##.....# #.....
#...## #....# #....
.....# #...## ......
.....## #....# ##.......
##....###
#....###.......#


You could see Edmund.

Vanquished Creatures
  Ijyb (D:4)
  5 adders
  2 dart slugs
  3 orcs (D:3)
  5 endoplasms
  2 giant cockroaches
  3 goblins
  5 hobgoblins
  A quokka (D:1)
  9 ball pythons
  5 bats (D:2)
  5 frilled lizards
  7 kobolds
  4 rats
57 creatures vanquished.

Notes
Turn   | Place    | Note
-------+----------+-------------------------------------------
     0 | D:1      | Irreverend the Minotaur Fighter began the quest for the
                  | Orb.
     0 | D:1      | Reached XP level 1. HP: 19/19 MP: 0/0
   238 | D:1      | Reached XP level 2. HP: 17/27 MP: 1/1
   822 | D:2      | Reached XP level 3. HP: 31/33 MP: 2/2
  1327 | D:3      | Reached XP level 4. HP: 40/40 MP: 3/3
  1725 | D:4      | Noticed Ijyb
  1745 | D:4      | Killed Ijyb
  1787 | D:4      | Noticed Edmund
  1797 | D:4      | Slain by Edmund

Illustrated notes

Levels and vault maps discovered:
D:1:      heliophobic_arrival_henge, layout_loops_ring
D:2:      layout_rooms
D:3:      layout_rooms
D:4:      layout_layer_cave, lemuel_coloured_pillars_altar, temple_doors_ab,
          serial_shops, nicolae_shop_window_shopping, uniq_edmund, uniq_ijyb

Skill      XL: |  1  2  3  4 |
---------------+-------------+-----
Axes           | 3 4 |  4.3
Armour         | 4 |  4.4
Shields        | 4 |  4.4
Fighting       | 4 |  4.4

Action                     |  1- 3 |  4- 6 || total
---------------------------+-------+-------++-------
  Melee: War axe           |    95 |    43 ||   138
         Headbutt          |    17 |     6 ||    23
    Use: Potion            |       |     1 ||     1
 Armour: Scale mail        |    37 |    10 ||    47
         Chain mail        |       |     4 ||     4
  Dodge: Dodged            |    37 |    19 ||    56
  Block: Buckler           |    22 |    13 ||    35

Table legend: (Time is in decaauts)
 A = Elapsed time spent in this place.
 B = Non-inter-level travel time spent in this place.
 C = Inter-level travel time spent in this place.
 D = Time resting spent in this place.
 E = Time spent auto-exploring this place.
 F = Levels seen in this place.
 G = Mean time per level.
                   A        B        C        D        E       F      G
               +--------+--------+--------+--------+--------+-----+--------+
         Total |   1845 |   1799 |     46 |      0 |   1380 |   4 |  461.2 |
       Dungeon |   1845 |   1799 |     46 |      0 |   1380 |   4 |  461.2 |
               +--------+--------+--------+--------+--------+-----+--------+

Top non-repeatable levels by time:
     D:1: 780 daAuts
     D:3: 435 daAuts
     D:2: 430 daAuts
     D:4: 199 daAuts
